 Dungeon Crawl Stone Soup version 0.31.0-1-g2c135a008e (webtiles) character file.

Game seed: 3308168574118501156

121 qw the Shooter (level 5, -8/40 HPs)
             Began as a Djinni Hunter on Jan 23, 2024.
             Mangled by an orc warrior
             ... wielding a +0 flail
              (11 damage)
             ... on level 3 of the Dungeon.
             The game lasted 00:00:04 (1441 turns).

qw the Shooter (Djinni Hunter)                      Turns: 1441, Time: 00:00:05

Health: -8/40      AC:  7    Str: 10    XL:     5   Next: 26%
Gold:   124        EV: 11    Int: 11    God:
                   SH:  0    Dex: 18

rFire   + + .        a - +0 shortbow
rCold   . . .        (shield currently unavailable)
rNeg    . . .        h - +0 ring mail
rPois   inf          (no helmet)
rElec   .            g - +1 cloak
rCorr   .            (no gloves)
SInv    .            (boots unavailable)
Will    .....        (no amulet)
Stlth   +            b - ring of protection from cold
HPRegen 0.26/turn    (no ring)
MPRegen 0.00/turn

%: infuse magic (-9 HP)
@: flying
A: sickness immunity, fire resistance 2, cold vulnerability 1, float, innate
caster, HP casting, extra vitality 1
a: no special abilities


You were on level 3 of the Dungeon.
You visited 1 branch of the dungeon, and saw 3 of its levels.

You collected 124 gold pieces.


Innate Abilities, Weirdness & Mutations

You are immune to sickness and miasma.
You are immune to poison.
Your flesh is very heat resistant. (rF++)
You are vulnerable to cold. (rC-)
You float through the air rather than walking.
You learn spells naturally, not from books.
Your magical power is your life essence.
You have superior vitality. (+4 MHP)


   Skills:
 - Level 3.0 Fighting
 + Level 4.3 Ranged Weapons
 - Level 1.9 Armour
 - Level 2.1 Dodging
 - Level 0.7 Stealth


You knew the following spells:

 Your Spells              Type           Power      Damage    Failure   Level
a - Slow                  Hex            0%         N/A       65%         1
b - Call Imp              Summ           0%         N/A       80%         2
Your spell library was empty.

Inventory:

Hand Weapons
 a - a +0 shortbow (weapon)
Armour
 g - a +1 cloak (worn)
 h - a +0 ring mail (worn)
Jewellery
 b - a ring of protection from cold (left hand)
Potions
 c - a potion of might {unknown}
 d - a potion of berserk rage {unknown}
 e - a potion of magic {unknown}
 f - a potion of degeneration {unknown}
 i - a potion of heal wounds {unknown}
 j - a potion of invisibility {unknown}
 k - a potion of enlightenment {unknown}

Dungeon Overview and Level Annotations

Branches:
Dungeon (3/15)

Altars:


Message History

The arrow hits the orc priest.
The orc priest is almost dead.
The orc warrior hits you but does no damage. x2
You shoot an arrow. The arrow hits the orc warrior.
The orc warrior is lightly wounded.
The orc priest calls upon Beogh to heal the orc warrior.
The orc warrior's wounds heal themselves!
The orc warrior hits you with a +0 flail.
You shoot an arrow.
The arrow hits the orc warrior but does no damage.
The orc warrior barely misses you.
You shoot an arrow.
The arrow barely misses the orc warrior.
The arrow closely misses the orc priest.
The orc warrior barely misses you. x2
You shoot an arrow.
The arrow hits the orc warrior but does no damage.
The orc priest looks braver for a moment.
The orc warrior hits you with a +0 flail!
You shoot an arrow.
The arrow closely misses the orc warrior.
The arrow hits the orc priest.
You kill the orc priest!
The orc warrior closely misses you.
You have reached level 5!
The power to cast Call Imp wells up from within.
Spell assigned to 'b'.
You shoot an arrow.
The arrow closely misses the orc warrior.
The arrow hits the orc.
The orc is lightly wounded.
The orc warrior hits you with a +0 flail.
The orc warrior hits you with a +0 flail!
You shoot an arrow. The arrow hits the orc warrior.
The orc warrior is lightly wounded.
The orc warrior hits you with a +0 flail!
You shoot an arrow. The arrow hits the orc warrior.
The orc warrior is moderately wounded.
The orc warrior hits you with a +0 flail!
You die...

#.###..##
###.#.....#
#...#.###..#
#.###.# .#.#
#.# #.# .#<#
#.# #<# # #
#.# #.# #.#
#.# . #@#
#.#...
#o###.....
#o...).ooJ
#............
##########...
.


You could see an orc warrior and an orc.

Vanquished Creatures
  A bombardier beetle (D:3)
  An orc priest (D:3)
  2 dart slugs (D:2)
  2 orcs (D:3)
  5 ball pythons
  An endoplasm (D:1)
  10 goblins
  3 hobgoblins
  7 kobolds
  3 quokkas
  7 bats
  5 frilled lizards
  A rat (D:1)
48 creatures vanquished.

Notes
Turn   | Place    | Note
-------+----------+-------------------------------------------
     0 | D:1      | qw the Djinni Hunter began the quest for the Orb.
     0 | D:1      | Reached XP level 1. HP: 18/18 MP: 0/0
     0 | D:1      | 0 ||| qw: Version: 0.3-a-136-gdd3b4e8
     0 | D:1      | 0 ||| qw: Game counter: 1027
     0 | D:1      | 0 ||| qw: Melee chars always use a shield: true
     0 | D:1      | 0 ||| qw: God list: Okawaru
     0 | D:1      | 0 ||| qw: Allow faded altars: false
     0 | D:1      | 0 ||| qw: Do Orc after clearing Dungeon:15 true
     0 | D:1      | 0 ||| qw: Do second Lair branch before Depths: true
     0 | D:1      | 0 ||| qw: Lair rune preference: random
     0 | D:1      | 0 ||| qw: Goals: Normal
     0 | D:1      | 0 ||| PLANNING D:1-11
   136 | D:1      | Reached XP level 2. HP: 23/23 MP: 0/0
   474 | D:1      | Reached XP level 3. HP: 24/28 MP: 0/0
   474 | D:1      | Learned a level 1 spell: Slow
   501 | D:1      | Reached skill level 4 in Ranged Weapons
   740 | D:1      | 740 ||| READING scroll labelled SACWIPL CUIQ.
   741 | D:1      | 741 ||| READING scroll labelled DUJEXUAHULL.
   742 | D:1      | 742 ||| DROPPING scroll of butterflies.
  1178 | D:2      | Reached skill level 3 in Fighting
  1178 | D:2      | Reached XP level 4. HP: 35/35 MP: 0/0
  1263 | D:2      | 1263 ||| UPGRADING to +0 cloak.
  1268 | D:2      | 1268 ||| UPGRADING to +0 ring mail.
  1278 | D:2      | 1278 ||| DROPPING +0 leather armour.
  1279 | D:2      | 1279 ||| UPGRADING to ring of protection from cold.
  1280 | D:2      | 1280 ||| READING scroll labelled HUIZ QIDALLIDY.
  1280 | D:2      | 1280 ||| ENCHANTING +0 cloak.
  1328 | D:3      | Reached skill level 1 in Armour
  1422 | D:3      | Noticed an orc warrior
  1422 | D:3      | 1422 ||| RETREEEEATING.
  1425 | D:3      | 1425 ||| RETREEEEATING.
  1439 | D:3      | Reached XP level 5. HP: 23/40 MP: 0/0
  1439 | D:3      | Learned a level 2 spell: Call Imp
  1439 | D:3      | HP: 9/40 [orc warrior/+0 flail (8)]
  1440 | D:3      | HP: 3/40 [orc warrior/+0 flail (7)]
  1441 | D:3      | Mangled by an orc warrior

Levels and vault maps discovered:
D:1:      kennysheep_arrival_seaside, layout_loops_ring, eino_curves_01,
          amcnicky_mini_rare_corridor_liquid, minmay_misc_feat_encased
D:2:      layout_rooms, minmay_liquid_box
D:3:      layout_loops_ring, grunt_gozag_statues,
          gammafunk_temple_overflow_forgotten, uniq_pargi, uniq_sigmund,
          uniq_grinder

Skill      XL: |  1  2  3  4 |
---------------+-------------+-----
Ranged Weapons | 4 |  4.3
Fighting       | 3 |  3.0
Armour         | 1 |  1.9
Dodging        | |  2.1
Stealth        | |  0.7

Action                     |  1- 3 |  4- 6 || total
---------------------------+-------+-------++-------
   Fire: Shortbow          |   101 |    37 ||   138
    Use: Scroll            |     2 |     1 ||     3
 Armour: Leather armour    |    18 |       ||    18
         Ring mail         |       |    13 ||    13
  Dodge: Dodged            |    21 |    12 ||    33

Table legend:
 A = Non-vault XP
 B = Vault XP
 C = Vault XP percentage of total XP
 D = Non-vault monster count
 E = Vault monster count
 F = Vault count percentage of total count
                 A         B        C        D         E       F
            +---------+---------+-------+---------+---------+-------
      Total |     173 |       0 |   0.0 |      48 |       0 |   0.0
            +---------+---------+-------+---------+---------+-------
        D:1 |      40 |       0 |   0.0 |      25 |       0 |   0.0
        D:2 |      32 |       0 |   0.0 |      17 |       0 |   0.0
        D:3 |     101 |       0 |   0.0 |       6 |       0 |   0.0
            +---------+---------+-------+---------+---------+-------
